 Dungeon Crawl Stone Soup version 0.32-a0-18-g89e19f1974 (webtiles) character file.

Game seed: 1419070084605756890

42595 Essalna the Destroyer (level 14, -1/92 HPs)
             Began as a Gargoyle Fire Elementalist on Jan 16, 2024.
             Was a High Priest of Vehumet.
             Slain by an elephant (4 damage)
             ... in a Gauntlet.
             The game lasted 00:38:53 (16559 turns).

Essalna the Destroyer (Gargoyle Fire Elementalist) Turns: 16559, Time: 00:38:54

Health: -1/92      AC: 18    Str: 12    XL:     14   Next: 20%
Magic:  12/30      EV: 14    Int: 27    God:    Vehumet [*****.]
Gold:   705        SH:  0    Dex: 13    Spells: 1/23 levels left

rFire   . . .        p - +2 dagger (venom)
rCold   . . .        (no shield)
rNeg    + . .        y - +0 troll leather armour
rPois   ∞            j - +1 helmet
rElec   +            (no cloak)
rCorr   .            C - +0 pair of gloves {Dex+3}
SInv    .            (no boots)
Will    +....        D - amulet of regeneration
Stlth   ++           F - +6 ring of intelligence
HPRegen 1.95/turn    l - ring of magical power
MPRegen 0.22/turn

%: no teleportation
@: flying
A: sickness immunity, AC +10, big wings, negative energy resistance 1,
electricity resistance, torment resistance 1, petrification resistance
a: Renounce Religion


You were in a Gauntlet.
You worshipped Vehumet.
Vehumet was extremely pleased with you.
You visited 4 branches of the dungeon, and saw 18 of its levels.
You also visited: Gauntlet.

You collected 1981 gold pieces.
You spent 1276 gold pieces at shops.

Inventory:

Hand Weapons
 c - a +0 mace
 g - the +3 orcbow of Slow Death {freeze, rElec Int+3}
   (You found it on level 2 of the Dungeon)

   Int+3:     It affects your intelligence (+3).
   rElec:     It insulates you from electricity.
 p - a +2 dagger of venom (weapon)
Armour
 a - a +0 robe
 j - a +1 helmet (worn)
 q - the +1 leather armour of the Sheltering Gods {rF+ rCorr}
   (You took it off an orc on level 4 of the Dungeon)

   rF+:       It protects you from fire.
   rCorr:     It protects you from acid and corrosion.
 y - a +0 troll leather armour (worn)
 A - a +1 leather armour of cold resistance
 C - a +0 pair of gloves of dexterity (worn)
 K - a +0 leather armour of fire resistance
 N - the +2 robe of Jeevy {rElec rN+++ Dex-3 Archmagi}
   (You bought it in a shop on level 2 of the Orcish Mines)

   Dex-3:     It affects your dexterity (-3).
   rElec:     It insulates you from electricity.
   rN+++:     It renders you almost immune to negative energy.
   Archmagi:  It increases the power of your magical spells.
 O - the +0 leather armour of Jyhuphos {rC+}
   (You bought it in a shop on level 2 of the Orcish Mines)

   rC+:       It protects you from cold.
Magical Staves
 z - a staff of earth
 M - a staff of fire
Jewellery
 l - a ring of magical power (right hand)
 n - a ring of wizardry
 u - a +6 ring of strength
 D - an amulet of regeneration (around neck)
 F - a +6 ring of intelligence (left hand)
 L - a +4 ring of protection
Wands
 m - a wand of roots (4)
 o - a wand of flame (35)
 w - a wand of quicksilver (24)
 B - a wand of paralysis (5)
 J - a wand of polymorph (1)
Scrolls
 f - a scroll of amnesia
 k - 7 scrolls of teleportation
 s - a scroll of fog
 v - 10 scrolls of identify
 E - 2 scrolls of poison
Potions
 b - 2 potions of magic
 d - 2 potions of resistance
 e - 2 potions of lignification
 h - 4 potions of attraction
 i - 2 potions of curing
 r - 4 potions of heal wounds
 t - 2 potions of haste {unknown}
 x - 3 potions of degeneration {unknown}
 G - 2 potions of might {unknown}
 H - a potion of cancellation {unknown}
 I - 2 potions of brilliance {unknown}
 P - a potion of mutation
 Q - a potion of ambrosia {unknown}


   Skills:
 + Level 12.1 Fighting
 + Level 9.3 Armour
 + Level 7.4 Dodging
 - Level 2.1 Stealth
 - Level 5.0 Spellcasting
 + Level 13.2 Conjurations
 + Level 12.4 Fire Magic
 - Level 5.0 Earth Magic


You had one spell level left.
You knew the following spells:

 Your Spells              Type           Power      Damage    Failure   Level
a - Foxfire               Conj/Fire      100%       2x1d9     1%          1
b - Scorch                Fire           100%       2d9       1%          2
c - Flame Wave            Conj/Fire      66%        2d15      1%          4
d - Blink                 Tloc           12%        N/A       13%         2
e - Stone Arrow           Conj/Erth      100%       3d13      1%          3
f - Iskenderun's Battles  Conj           67%        2d12      1%          5
g - Fireball              Conj/Fire      33%        3d14      1%          5

Your spell library contained the following spells:

 Spells                   Type           Power      Damage    Failure   Level
 Magic Dart               Conj           100%       1d8       1%          1
 Apportation              Tloc           12%        N/A       9%          1
 Necrotise                Necr           24%        1d5       9%          1
 Slow                     Hex            24%        N/A       9%          1
 Dazzling Flash           Conj/Hex       84%        N/A       1%          3
 Hailstorm                Conj/Ice       42%        3d9       1%          3
 Inner Flame              Hex/Fire       40%        N/A       1%          3
 Volatile Blastmotes      Fire/Tloc      80%        2d16      1%          3
 Starburst                Conj/Fire      33%        6d10      1%          6
 Passwall                 Erth           33%        N/A       3%          3
 Call Imp                 Summ           12%        N/A       13%         2
 Ensorcelled Hibernation  Hex/Ice        12%        N/A       13%         2
 Jinxbite                 Hex            12%        N/A       13%         2
 Lesser Beckoning         Tloc           12%        N/A       13%         2
 Confusing Touch          Hex            6%         N/A       26%         3
 Sigil of Binding         Hex            6%         N/A       26%         3
 Summon Ice Beast         Ice/Summ       6%         N/A       26%         3
 Swiftness                Air            6%         N/A       26%         3
 Vampiric Draining        Necr           6%         2d6       26%         3
 Martyr's Knell           Necr/Summ      6%         N/A       65%         4
 Vhi's Electric Charge    Tloc/Air       12%        N/A       65%         4
 Alistair's Intoxication  Alch           4%         N/A       94%         5
 Curse of Agony           Necr           6%         N/A       94%         5
 Sculpt Simulacrum        Ice/Alch       3%         N/A       100%        6
 Malign Gateway           Summ/Tloc      3%         N/A       100%        7
 Maxwell's Capacitive Co  Air            3%         ∞         100%        8


Dungeon Overview and Level Annotations

Branches:
Dungeon (12/15)            Temple (1/1) D:7            Lair (3/5) D:8
  Snake (0/4) Lair:2          Orc (2/2) D:11            Elf (0/3) Orc:2
Gauntlet (1/1)
  Swamp: Lair:2-3    Shoals: Lair:2-3

Altars:
Ashenzari
Cheibriados
Dithmenos
Elyvilon
Fedhas
Gozag
Hepliaklqana
Kikubaaqudgha
Makhleb
Nemelex Xobeh
Okawaru
Qazlal
Ru
Sif Muna
Trog
Uskayaw
Vehumet
Wu Jian
Xom
Yredelemnul
Zin
The Shining One

Shops:
Orc:1 *   Orc:2 *[(=

Annotations:
D:12 Lodul Gauntlet 7 transporters, 1 runed translucent door


Innate Abilities, Weirdness & Mutations

You are immune to sickness and miasma.
Your stone body is resilient. (AC +10)
You are immune to poison.
Your large and strong wings let you fly.
You resist negative energy. (rN+)
You are resistant to electric shocks. (rElec)
You are resistant to unholy torment.
You are immune to petrification.


Message History

The dire elephant tramples you!!
You hold your ground!
The dire elephant trunk-slaps you but does no damage.
Casting: Scorch (safe; 1% risk of failure)
Confirm with . or Enter, or press ? or * to list all spells.
Flames lash the dire elephant.
The dire elephant is lightly wounded.
The dire elephant's fire resistance burns away.
The dire elephant barely misses you.
The dire elephant trunk-slaps you but does no damage.
Casting: Scorch (safe; 1% risk of failure)
Confirm with . or Enter, or press ? or * to list all spells.
Casting: Flame Wave (safe; 1% risk of failure)
Press: ? - help, Dir - look around, f - activate A wave of flame ripples out!
The flame wave engulfs the dire elephant!
The dire elephant is burned terribly!
The dire elephant is moderately wounded. (Press . to intensify the flame waves.)
The dire elephant tramples you!!
You hold your ground!
The dire elephant trunk-slaps you.
A wave of flame ripples out!
The flame wave engulfs the elephant!
The elephant is lightly wounded.
The flame wave engulfs the dire elephant!
The dire elephant is burned terribly!
The dire elephant is moderately wounded.
The dire elephant tramples you!
You hold your ground!
The dire elephant trunk-slaps you but does no damage.
The elephant tramples you but does no damage.
The elephant trunk-slaps you but does no damage.
A wave of flame ripples out!
The flame wave engulfs the elephant!
The elephant is moderately wounded.
The flame wave engulfs the dire elephant.
The dire elephant is burned terribly!
The dire elephant is moderately wounded.
The dire elephant tramples you!!
* * * LOW HITPOINT WARNING * * *
You hold your ground!
The dire elephant trunk-slaps you!
* * * LOW HITPOINT WARNING * * *
The elephant tramples you.
You die...

#≈≈.#########.≈≈#
##≈.#8..©#....≈##
##.#©...#.8..##
##≈.#8..©#....≈##
#≈≈.#########.≈≈#
##≈.#.##YY(Y#.≈##
##.#..##[.Y#.##
##≈.#..Y##..#.≈##
#≈≈.#.#Y@##.#.≈≈#
##≈.#.##..#.#.≈## ##
##.#..##...#.##
##≈###..#.YY##..#.≈##
#≈≈≈#...#########.≈≈#
.##...#...#8..©#....≈##
......#.8.#©...#.8..##
.##.8.#.⌠.#8..©#....≈##
.##.©.#.8.#########.≈≈#


You could see a dire elephant (combustible) and an elephant.

Vanquished Creatures
  Gastronok (Lair:2)
  An orc warlord (Orc:2)
  Josephine (Lair:3)
  A boulder beetle (Lair:3)
  4 two-headed ogres
  4 orc high priests
  5 death yaks
  Nergalle (Lair:2)
  5 orc knights
  A shining eye (Gauntlet)
  An ugly thing (D:12)
  2 deep elf pyromancers (D:12)
  3 orc sorcerers (Orc:2)
  3 cyclopes
  7 elephants
  A black mamba (Lair:1)
  A kobold blastminer (Orc:1)
  2 cane toads (Lair:2)
  A torpor snail (Lair:2)
  2 unseen horrors (D:12)
  6 komodo dragons
  A kobold demonologist (D:10)
  A queen bee (Gauntlet)
  4 trolls
  Grinder (D:4)
  5 blink frogs (Lair:1)
  A hornet (D:9)
  A glass eye (Gauntlet)
  Sigmund (D:2)
  A ynoxinul (Gauntlet)
  2 shadows
  17 yaks
  3 wyverns
  6 wraiths
  3 basilisks
  Eustachio (D:5)
  7 wargs
  A steam dragon (D:9)
  3 vampire mosquitoes (D:12)
  Duvessa (D:4)
  An acid dragon (D:11)
  8 water moccasins
  23 orc warriors
  An ice beast (D:6)
  A sky beast (D:6)
  3 black bears
  6 ogres
  11 wolves
  3 centaurs
  2 phantoms (D:5)
  A kobold brigand (D:7)
  10 bullfrogs
  5 scorpions
  2 gnoll sergeants
  11 wights
  Dowan (D:4)
  11 killer bees
  A vampire bat (D:5)
  6 howler monkeys
  5 electric eels
  2 gnoll boudas (D:6)
  17 orc priests
  A bombardier beetle (D:4)
  10 hounds
  2 jellies (D:5)
  Ijyb (D:4)
  3 iron imps (Gauntlet)
  4 sleepcaps
  3 iguanas
  23 orc wizards
  Natasha (thrice) (D:2)
  14 gnolls
  12 adders
  3 shadow imps
  2 white imps (D:6)
  2 ufetubi (D:7)
  A ribbon worm (D:4)
  2 dart slugs
  3 fire bats (D:5)
  57 orcs
  2 spectral bats (D:5)
  7 ball pythons
  13 bats
  3 bat skeletons (D:5)
  A bat zombie (D:5)
  2 endoplasms
  6 giant cockroaches
  8 goblins
  5 hobgoblins
  6 jackals
  A quokka (D:1)
  A bat simulacrum (D:5)
  8 frilled lizards
  6 kobolds
  6 rats
  A butterfly (Lair:1)
466 creatures vanquished.

Vanquished Creatures (collateral kills)
  3 foxfires
3 creatures vanquished.

Vanquished Creatures (others)
  An orc (Orc:2)
  768 foxfires
769 creatures vanquished.

Grand Total: 1238 creatures vanquished

Notes
Turn   | Place    | Note
-------+----------+-------------------------------------------
     0 | D:1      | Essalna the Gargoyle Fire Elementalist began the quest for
                  | the Orb.
     0 | D:1      | Reached XP level 1. HP: 10/10 MP: 3/3
   188 | D:1      | Reached XP level 2. HP: 14/15 MP: 3/5
   788 | D:1      | Reached XP level 3. HP: 19/19 MP: 1/6
   880 | D:1      | Reached skill level 2 in Conjurations
  1331 | D:2      | Identified the +3 orcbow of Slow Death {freeze, rElec
                  | Int+3}
  1470 | D:2      | Noticed Natasha
  1475 | D:2      | Killed Natasha
  1476 | D:2      | Reached XP level 4. HP: 19/24 MP: 8/8
  1584 | D:2      | Noticed Natasha
  1586 | D:2      | Killed Natasha
  1684 | D:2      | Noticed Sigmund
  1693 | D:2      | Killed Sigmund
  1694 | D:2      | Reached skill level 3 in Conjurations
  1694 | D:2      | Reached XP level 5. HP: 27/28 MP: 5/10
  1694 | D:2      | Reached XP level 6. HP: 31/32 MP: 5/11
  1818 | D:2      | Reached skill level 4 in Conjurations
  1875 | D:2      | Learned a level 2 spell: Scorch
  1963 | D:2      | Noticed Natasha
  1968 | D:2      | Killed Natasha
  2235 | D:3      | Found a sacrificial altar of Ru.
  2248 | D:3      | Found a faded altar of an unknown god.
  2676 | D:4      | Reached skill level 5 in Fire Magic
  2676 | D:4      | Reached XP level 7. HP: 26/36 MP: 13/13
  2683 | D:4      | Noticed Ijyb
  2690 | D:4      | Killed Ijyb
  2770 | D:4      | Noticed Grinder
  2776 | D:4      | Killed Grinder
  2777 | D:4      | Reached skill level 5 in Conjurations
  2999 | D:4      | Noticed Dowan
  3000 | D:4      | Noticed Duvessa
  3016 | D:4      | Killed Duvessa
  3020 | D:4      | Killed Dowan
  3021 | D:4      | Reached skill level 5 in Spellcasting
  3021 | D:4      | Reached XP level 8. HP: 6/41 MP: 9/15
  3170 | D:4      | Identified the +1 leather armour of the Sheltering Gods
                  | {rF+ rCorr}
  3237 | D:4      | Learned a level 4 spell: Flame Wave
  3504 | D:5      | Entered Level 5 of the Dungeon
  3808 | D:5      | Reached skill level 1 in Fighting
  3808 | D:5      | Reached skill level 1 in Armour
  4289 | D:5      | Reached skill level 6 in Conjurations
  4426 | D:5      | Noticed Eustachio
  4436 | D:5      | Killed Eustachio
  4486 | D:5      | Reached XP level 9. HP: 44/50 MP: 1/16
  4711 | D:5      | Found a blossoming altar of Fedhas.
  5166 | D:6      | Found a burning altar of Makhleb.
  5193 | D:6      | Found a glowing silver altar of Zin.
  5193 | D:6      | Noticed an Executioner
  5193 | D:6      | Noticed an angel
  5253 | D:6      | Identified the +1 sling of Vaiv {heavy, rN+ Str+4 Dex+4}
  5278 | D:6      | Found an ornate altar of the Wu Jian Council.
  5430 | D:6      | Learned a level 2 spell: Blink
  5546 | D:6      | Reached skill level 7 in Conjurations
  5858 | D:6      | Noticed a cyclops
  5864 | D:6      | Killed a cyclops
  5869 | D:6      | Reached XP level 10. HP: 56/58 MP: 10/17
  6037 | D:7      | Reached skill level 5 in Fighting
  6052 | D:7      | Reached skill level 5 in Armour
  6456 | D:7      | Found a staircase to the Ecumenical Temple.
  6462 | Temple   | Entered the Ecumenical Temple
  6477 | Temple   | Became a worshipper of Vehumet
  6843 | D:7      | Found a stormy altar of Qazlal.
  6942 | D:8      | Reached skill level 8 in Conjurations
  6981 | D:8      | Identified the +4 flail of Experimentation {freeze, rN++}
  7002 | D:8      | Reached * piety under Vehumet
  7002 | D:8      | Offered knowledge of Shock by Vehumet.
  7294 | D:8      | Found a staircase to the Lair.
  7502 | D:8      | Reached skill level 5 in Dodging
  7747 | D:8      | Found a shimmering blue altar of Sif Muna.
  7839 | D:8      | Found an iron altar of Okawaru.
  8457 | D:9      | Reached skill level 9 in Conjurations
  8457 | D:9      | Reached XP level 11. HP: 67/67 MP: 18/18
  8732 | D:10     | Entered Level 10 of the Dungeon
  8827 | D:10     | Reached ** piety under Vehumet
  8838 | D:10     | Offered knowledge of Static Discharge by Vehumet.
  9719 | D:11     | Noticed a two-headed ogre
  9724 | D:11     | Killed a two-headed ogre
  9754 | D:11     | Noticed a two-headed ogre
  9760 | D:11     | Killed a two-headed ogre
  9761 | D:11     | Reached skill level 10 in Conjurations
  9959 | D:11     | Found a staircase to the Orcish Mines.
 10041 | D:11     | Noticed a two-headed ogre
 10051 | D:11     | Offered knowledge of Searing Ray by Vehumet.
 10051 | D:11     | Killed a two-headed ogre
 10165 | D:11     | Reached skill level 10 in Fire Magic
 10459 | D:12     | Noticed a two-headed ogre
 10465 | D:12     | Killed a two-headed ogre
 10686 | D:12     | Noticed a deep elf pyromancer
 10695 | D:12     | Killed a deep elf pyromancer
 10765 | D:12     | Noticed a cyan ugly thing
 10771 | D:12     | Reached *** piety under Vehumet
 10775 | D:12     | Killed a cyan ugly thing
 10776 | D:12     | Reached XP level 12. HP: 76/76 MP: 11/19
 10932 | D:12     | Reached skill level 11 in Conjurations
 10978 | D:12     | Noticed Lodul
 11301 | Orc:1    | Entered Level 1 of the Orcish Mines
 11401 | Orc:1    | Offered knowledge of Stone Arrow by Vehumet.
 11411 | Orc:1    | Learned a level 3 spell: Stone Arrow
 11626 | Orc:1    | Found Kaleny Sang's General Store.
 11630 | Orc:1    | Bought a scroll of acquirement for 832 gold pieces
 11652 | Orc:1    | Reached skill level 10 in Fighting
 11820 | Orc:1    | Acquired a staff of fire
 11823 | Orc:2    | Entered Level 2 of the Orcish Mines
 11825 | Orc:2    | Noticed an orc high priest
 11852 | Orc:2    | Reached skill level 1 in Earth Magic
 11853 | Orc:2    | Noticed a sun demon
 11853 | Orc:2    | Killed an orc high priest
 11859 | Orc:2    | Noticed an orc high priest
 11940 | Orc:2    | Noticed an orc high priest
 12004 | Orc:1    | Killed an orc high priest
 12042 | Orc:2    | Reached **** piety under Vehumet
 12043 | Orc:2    | Killed an orc high priest
 12159 | Orc:2    | Found Nitug's Antique Armour Emporium.
 12176 | Orc:1    | Offered knowledge of Iskenderun's Battlesphere by Vehumet.
 12194 | Orc:2    | Learned a level 5 spell: Iskenderun's Battlesphere
 12804 | Orc:2    | Reached XP level 13. HP: 82/83 MP: 20/20
 12847 | Orc:2    | Found a staircase to the Elven Halls.
 12867 | Orc:2    | Found Feurogell's General Store.
 12950 | Orc:2    | Noticed an orc warlord
 12985 | Orc:2    | Reached skill level 12 in Conjurations
 13229 | Orc:2    | Found Xeotsen's Jewellery Boutique.
 13242 | Orc:2    | Killed an orc warlord
 13445 | Orc:2    | Found Maogitys's Antique Weapon Shoppe.
 13565 | Orc:2    | Bought a fading robe for 199 gold pieces
 13565 | Orc:2    | Identified the +2 robe of Jeevy {rElec rN+++ Dex-3
                  | Archmagi} (You bought it in a shop on level 2 of the Orcish
                  | Mines)
 13565 | Orc:2    | Bought a brightly glowing leather armour for 245 gold
                  | pieces
 13565 | Orc:2    | Identified the +0 leather armour of Jyhuphos {rC+} (You
                  | bought it in a shop on level 2 of the Orcish Mines)
 13936 | Lair:1   | Entered Level 1 of the Lair of Beasts
 14021 | Lair:1   | You fall into a shaft and drop 1 floor!
 14063 | Lair:2   | Reached skill level 5 in Earth Magic
 14108 | Lair:2   | Noticed Gastronok
 14116 | Lair:2   | Killed Gastronok
 14116 | Lair:2   | Reached ***** piety under Vehumet
 14116 | Lair:2   | Offered knowledge of Olgreb's Toxic Radiance by Vehumet.
 14270 | Lair:2   | Noticed Nergalle
 15104 | Lair:1   | Found a sacrificial altar of Ru.
 15310 | Lair:2   | Killed Nergalle
 15414 | Lair:2   | Found a staircase to the Snake Pit.
 15892 | Lair:3   | Noticed Josephine
 15901 | Lair:3   | Killed Josephine
 15904 | Lair:3   | Gained mutation: Your large and strong wings let you fly.
                  | [Gargoyle growth]
 15904 | Lair:3   | Reached XP level 14. HP: 87/91 MP: 5/21
 16142 | Lair:3   | Reached skill level 13 in Conjurations
 16180 | Lair:3   | Found a gate leading to a gauntlet.
 16189 | Gauntlet | Entered a Gauntlet
 16189 | Gauntlet | Found a transporter.
 16225 | Gauntlet | Found a transporter.
 16226 | Gauntlet | Found a transporter.
 16230 | Gauntlet | Found a runed translucent door.
 16231 | Gauntlet | Found a runed translucent door.
 16234 | Gauntlet | Found a transporter.
 16238 | Gauntlet | Found a transporter.
 16246 | Gauntlet | Found a transporter.
 16250 | Gauntlet | Found a transporter.
 16259 | Gauntlet | Found a transporter.
 16259 | Gauntlet | Noticed a dire elephant
 16263 | Gauntlet | Found a transporter.
 16271 | Gauntlet | Found a transporter.
 16302 | Gauntlet | Found a transporter.
 16314 | Gauntlet | Found a transporter.
 16327 | Gauntlet | Found a transporter.
 16340 | Gauntlet | Found a transporter.
 16413 | Gauntlet | Got the Incunable of the Exiled Artisans
 16521 | Gauntlet | Offered knowledge of Fireball by Vehumet.
 16532 | Gauntlet | Learned a level 5 spell: Fireball
 16559 | Gauntlet | HP: 3/92 [dire elephant (11)]
 16559 | Gauntlet | Slain by an elephant

Illustrated notes

Levels and vault maps discovered:
D:1:      wander_arrival_fairy_ring, layout_basic, minmay_lizard_pond
D:2:      layout_rooms, kennysheep_generic_room_15, uniq_sigmund, uniq_natasha
D:3:      layout_loops_cross, old_standard_altar,
          shapermc_ecumenical_altar_petra
D:4:      layout_rooms, uniq_duvessa, uniq_grinder, uniq_ijyb
D:5:      layout_loops_corners, fedhas_altar_3, goddamned_bats, uniq_eustachio
D:6:      kennysheep_windowed_halls, layout_rooms, nzn_wu_jian_contemplation,
          grunt_temple_overflow_order_and_chaos_2
D:7:      layout_basic, nicolae_qazlal_eye_of_the_storm,
          minmay_temple_entry_grid
D:8:      layout_cave_pools, mainiacjoe_overflow_catwalk_spiral,
          erik_lair_island
D:9:      layout_loops_ring, corexii_corridor_pit
D:10:     layout_roguey, grunt_decor_one_mirror
D:11:     layout_rooms, david_orc_4
D:12:     layout_stronghold, uniq_azrael, uniq_lodul
Temple:   nicolae_temple_great_sept
Lair:1:   layout_regular_city, basic_altar, serial_bayou_shore_a,
          lemuel_fruit_fields, infiniplex_staircase_pool_2
Lair:2:   layout_big_grid, dummy_snake_entry, nicolae_volcano_entry_lava_flow,
          grunt_megastairs_3, uniq_gastronok, uniq_nergalle
Lair:3:   layout_hall_layers, minmay_shoals_entry_lonely_mermaid,
          gauntlet_entry_generic, minmay_stone_trees_small, uniq_josephine
Orc:1:    layout_caves, serial_shops, nicolae_shop_back_alley_shop
Orc:2:    grunt_orc_gardens, layout_caves, grunt_orc_garden, grunt_orc_garden,
          grunt_orc_garden, grunt_orc_garden
Gauntlet: gammafunk_gauntlet_77_escape_option [minmay_gauntlet_arena_77_box,
          minmay_gauntlet_arena_77_shame_cube, minmay_gauntlet_arena_77_braids,
          minmay_gauntlet_arena_77_two_lines, minmay_gauntlet_arena_77_p_blocks,
          gauntlet_exit_green]

Skill      XL: |  1  2  3  4  5  6  7  8  9 10 11 12 13 14 |
---------------+-------------------------------------------+-----
Conjurations   | 2 3 4 5 6 7 9 10 11 12 13 | 13.2
Spellcasting   | 3 4 5 |  5.0
Fire Magic     | 4 5 6 7 8 10 11 12 | 12.4
Fighting       | 3 4 7 9 10 11 12 | 12.1
Armour         | 3 4 6 7 9 |  9.3
Dodging        | 2 4 5 7 |  7.4
Earth Magic    | 3 5 |  5.0
Stealth        | |  2.1

Action                     |  1- 3 |  4- 6 |  7- 9 | 10-12 | 13-15 || total
---------------------------+-------+-------+-------+-------+-------++-------
  Melee: Mace              |    35 |       |       |       |       ||    35
         Punch             |     1 |       |       |       |       ||     1
         Orcbow            |       |       |       |     1 |       ||     1
         Staff             |       |       |       |       |     2 ||     2
         Dagger            |       |       |       |       |    15 ||    15
   Fire: Orcbow            |    15 |    93 |   197 |   206 |       ||   511
   Cast: Foxfire           |    42 |     6 |    49 |   150 |   187 ||   434
         Scorch            |       |       |    34 |    64 |    31 ||   129
         Flame Wave        |       |       |    13 |    72 |    31 ||   116
         Iskenderun's Batt |       |       |       |     3 |    10 ||    13
         Stone Arrow       |       |       |       |       |     5 ||     5
    Use: Scroll            |       |       |       |    12 |     4 ||    16
   Stab: Sleeping          |     1 |       |       |       |       ||     1
 Armour: Robe              |    25 |    41 |    18 |       |       ||    84
         Leather armour    |       |       |   197 |    74 |       ||   271
         Troll leather arm |       |       |       |   179 |   112 ||   291
  Dodge: Dodged            |    25 |    37 |   172 |   177 |    63 ||   474

Table legend: (Time is in decaauts)
 A = Elapsed time spent in this place.
 B = Non-inter-level travel time spent in this place.
 C = Inter-level travel time spent in this place.
 D = Time resting spent in this place.
 E = Time spent auto-exploring this place.
 F = Levels seen in this place.
 G = Mean time per level.
                   A        B        C        D        E       F      G
               +--------+--------+--------+--------+--------+-----+--------+
         Total |  16875 |  15982 |    893 |    634 |  12348 |  19 |  888.2 |
       Dungeon |  11770 |  11143 |    627 |     77 |   8927 |  12 |  980.8 |
        Temple |     23 |     16 |      7 |      0 |      0 |   1 |   23.0 |
          Lair |   2270 |   2159 |    111 |      0 |   1795 |   3 |  756.7 |
  Orcish Mines |   2441 |   2294 |    147 |    557 |   1364 |   2 | 1220.5 |
      Gauntlet |    369 |    369 |      0 |      0 |    262 |   1 |  369.0 |
               +--------+--------+--------+--------+--------+-----+--------+

Top non-repeatable levels by time:
     D:5: 1447 daAuts
     D:1: 1338 daAuts
   Orc:2: 1259 daAuts
   Orc:1: 1182 daAuts
     D:8: 1160 daAuts
     D:6: 1151 daAuts
  Lair:1: 1128 daAuts
    D:11: 1094 daAuts
     D:7: 909 daAuts
    D:10: 889 daAuts
     D:4: 830 daAuts
  Lair:2: 799 daAuts
    D:12: 795 daAuts
     D:9: 742 daAuts
     D:3: 738 daAuts
